[ AOE2 MATCH · #483572610 ]
UnrankedBurgundians vs Berbers
[ REPLAY ANALYSIS · EXTRACTED FROM THE RECORDED GAME ]
Feudal
11:35
Castle
18:11
Imperial
—
| APM avg | 12.2 |
| APM peak | 40 |
| eAPM avg | 11.4 |
| Villagers / military | 77 / 55 |
Focus
⚔️ 17.5% · 🌾 82.5%
Spearman ×23 · Coustillier ×21 · Knight ×11
Feudal
9:38
Castle
19:31
Imperial
34:41
| APM avg | 13.6 |
| APM peak | 47 |
| eAPM avg | 8.8 |
| Villagers / military | 63 / 27 |
Focus
⚔️ 28.1% · 🌾 71.9%
Camel Scout ×19 · Battering Ram ×5 · Camel Archer ×3 · Trade Cart ×1
Feudal
—
Castle
—
Imperial
—
| APM avg | 0.1 |
| APM peak | 3 |
| eAPM avg | 0.1 |
| Villagers / military | 0 / 0 |
Feudal
9:13
Castle
18:31
Imperial
—
| APM avg | 20.5 |
| APM peak | 53 |
| eAPM avg | 12.1 |
| Villagers / military | 71 / 16 |
Focus
⚔️ 13.4% · 🌾 86.6%
Mangudai ×7 · Spearman ×5 · Mangonel ×3 · Monk ×1
Feudal
11:40
Castle
22:01
Imperial
—
| APM avg | 12.0 |
| APM peak | 54 |
| eAPM avg | 7.2 |
| Villagers / military | 40 / 1 |
Focus
⚔️ 20.8% · 🌾 79.2%
Knight ×1
Feudal
12:06
Castle
18:24
Imperial
32:04
| APM avg | 22.5 |
| APM peak | 83 |
| eAPM avg | 11.5 |
| Villagers / military | 97 / 7 |
Focus
⚔️ 15.5% · 🌾 84.5%
Bombard Cannon ×6 · Monk ×1
Feudal
12:38
Castle
18:05
Imperial
34:04
| APM avg | 16.3 |
| APM peak | 39 |
| eAPM avg | 10.5 |
| Villagers / military | 133 / 74 |
Focus
⚔️ 17.4% · 🌾 82.6%
Archer ×38 · Skirmisher ×25 · Spearman ×5 · Battering Ram ×4 · Cataphract ×2
Feudal
10:03
Castle
20:03
Imperial
—
| APM avg | 13.7 |
| APM peak | 34 |
| eAPM avg | 8.8 |
| Villagers / military | 65 / 44 |
Focus
⚔️ 20.7% · 🌾 79.3%
Magyar Huszar ×43 · Monk ×1
Match map
Initial resources + every placement click. Lines = walls · curves = elevation contours. ◆ gold · ⬟ stone · ● berries · ✦ relic · ◌ wall gap
Your base· ✓ Closed at 18:11 · 0t walls · 3 gate(s)
Good Knight's base· ✓ Closed at 19:31 · 0t walls · 2 gate(s)
Horizon's base· ✓ Closed at 12:00 · 0t walls · 3 gate(s)
baiyileng's base· ✓ Closed at 18:31 · 0t walls · 2 gate(s)
Nameless's base· ✓ Closed at 22:01 · 0t walls · 2 gate(s)
小迟爱吃's base· ✓ Closed at 18:24 · 0t walls · 2 gate(s)
nidriotis's base· ✓ Closed at 18:05 · 0t walls · 2 gate(s)
1192339610's base· ✓ Closed at 20:03 · 0t walls · 2 gate(s)
Smoothed initial terrain · ◌ = detected wall gap · hover for details
Inputs per minute
— UWE - - Good Knight
Build order — UWE
First 150 of 214 actions detected
| 0:03 | Create | Villager (Male) ×4 |
| 0:07 | Build | House |
| 0:08 | Build | House |
| 1:38 | Create | Villager (Male) |
| 1:40 | Research | Loom |
| 2:04 | Create | Villager (Male) |
| 2:53 | Create | Villager (Male) |
| 2:53 | Create | Villager (Male) |
| 3:30 | Build | Lumber Camp |
| 3:35 | Create | Villager (Male) |
| 4:11 | Create | Villager (Male) |
| 4:12 | Create | Villager (Male) |
| 4:18 | Build | House |
| 4:24 | Build | House |
| 4:48 | Create | Villager (Male) |
| 4:49 | Create | Villager (Male) |
| 5:31 | Create | Villager (Male) |
| 5:31 | Create | Villager (Male) |
| 6:06 | Build | Mill |
| 6:22 | Create | Villager (Male) |
| 6:55 | Create | Villager (Male) |
| 6:55 | Create | Villager (Male) |
| 7:15 | Build | Mill |
| 7:36 | Research | Double-Bit Axe |
| 7:59 | Create | Villager (Male) |
| 8:33 | Build | House |
| 8:34 | Build | House |
| 8:35 | Create | Villager (Male) |
| 8:56 | Create | Villager (Male) |
| 9:16 | Research | Feudal Age |
| 9:29 | Build | Mining Camp |
| 9:48 | Build | Farm |
| 9:50 | Build | Farm |
| 9:52 | Build | Farm |
| 9:53 | Build | Farm |
| 9:55 | Create | Villager (Male) |
| 9:55 | Create | Villager (Male) |
| 10:05 | Create | Villager (Male) |
| 10:06 | Create | Villager (Male) |
| 10:31 | Research | Gold Mining |
| 11:35 | Age | Feudal Age |
| 12:23 | Build | Farm |
| 12:25 | Build | Farm |
| 12:26 | Build | Farm |
| 12:27 | Build | Farm |
| 12:29 | Build | Farm |
| 13:12 | Build | Market |
| 13:17 | Create | Villager (Male) |
| 13:18 | Create | Villager (Male) |
| 13:28 | Build | House |
| 13:29 | Build | House |
| 14:05 | Create | Villager (Male) |
| 14:19 | Create | Villager (Male) |
| 14:45 | Build | Blacksmith |
| 14:57 | Create | Villager (Male) |
| 15:04 | Build | Mining Camp |
| 15:18 | Build | Farm |
| 15:20 | Build | Farm |
| 15:22 | Build | Farm |
| 15:24 | Build | Farm |
| 15:31 | Research | Castle Age |
| 15:51 | Research | Stone Mining |
| 16:01 | Build | House |
| 16:02 | Build | House |
| 16:03 | Build | House |
| 16:19 | Build | Farm |
| 16:32 | Research | Bow Saw |
| 16:36 | Create | Villager (Male) |
| 16:36 | Create | Villager (Male) |
| 17:54 | Create | Villager (Male) |
| 17:54 | Create | Villager (Male) |
| 17:54 | Create | Villager (Male) |
| 18:11 | Age | Castle Age |
| 18:22 | Build | Town Center |
| 18:32 | Build | Barracks |
| 18:44 | Create | Villager (Male) |
| 18:44 | Create | Villager (Male) |
| 18:44 | Create | Villager (Male) |
| 18:45 | Create | Villager (Male) |
| 19:31 | Create | Spearman |
| 19:36 | Create | Villager (Male) |
| 19:37 | Create | Villager (Male) |
| 20:05 | Create | Spearman |
| 20:49 | Create | Villager (Male) |
| 20:49 | Create | Villager (Male) |
| 20:49 | Create | Villager (Male) |
| 20:50 | Create | Villager (Male) |
| 21:01 | Build | Castle |
| 21:08 | Research | Pikeman (upgrade) |
| 21:09 | Create | Villager (Male) |
| 21:10 | Create | Villager (Male) |
| 21:10 | Create | Villager (Male) |
| 21:21 | Research | Horse Collar |
| 22:03 | Build | Town Center |
| 22:11 | Build | Farm |
| 22:57 | Create | Villager (Male) |
| 22:57 | Create | Villager (Male) |
| 23:03 | Build | Farm |
| 23:04 | Build | Farm |
| 23:18 | Build | Mining Camp |
| 23:20 | Create | Villager (Male) |
| 23:21 | Create | Villager (Male) |
| 23:21 | Create | Villager (Male) |
| 23:22 | Create | Villager (Male) |
| 23:28 | Create | Villager (Male) |
| 23:29 | Create | Villager (Male) |
| 23:29 | Create | Villager (Male) |
| 23:29 | Create | Villager (Male) |
| 23:30 | Create | Villager (Male) |
| 23:37 | Build | Lumber Camp |
| 23:44 | Create | Villager (Male) |
| 23:45 | Create | Villager (Male) |
| 23:53 | Build | Farm |
| 23:54 | Build | Farm |
| 24:17 | Create | Villager (Male) |
| 24:18 | Create | Villager (Male) |
| 24:18 | Create | Villager (Male) |
| 24:37 | Build | Farm |
| 24:38 | Build | Farm |
| 24:53 | Create | Villager (Male) |
| 24:53 | Create | Villager (Male) |
| 24:56 | Research | Heavy Plow |
| 25:42 | Build | Castle |
| 25:52 | Build | Stable |
| 25:54 | Build | Stable |
| 25:57 | Create | Villager (Male) |
| 25:59 | Create | Villager (Male) |
| 26:00 | Create | Villager (Male) |
| 26:00 | Create | Villager (Male) |
| 26:15 | Build | Farm |
| 26:17 | Build | Farm |
| 26:23 | Build | Farm |
| 26:35 | Build | University |
| 27:18 | Build | Castle |
| 27:27 | Create | Knight ×5 |
| 27:39 | Create | Coustillier ×5 |
| 27:39 | Create | Coustillier ×5 |
| 27:51 | Research | Murder Holes |
| 27:52 | Create | Villager (Male) |
| 27:52 | Create | Villager (Male) |
| 27:53 | Create | Villager (Male) |
| 27:55 | Research | Masonry |
| 27:57 | Create | Villager (Male) |
| 27:57 | Create | Villager (Male) |
| 28:18 | Create | Spearman |
| 28:18 | Create | Spearman |
| 28:18 | Create | Spearman |
| 28:18 | Create | Spearman |
| 28:18 | Create | Spearman |
| 28:42 | Research | Fletching |
Build order — Good Knight
First 150 of 155 actions detected
| 0:12 | Build | House |
| 0:20 | Create | Villager (Male) |
| 0:20 | Create | Villager (Male) |
| 0:32 | Create | Villager (Male) |
| 0:32 | Create | Villager (Male) |
| 1:33 | Create | Villager (Male) |
| 1:53 | Create | Villager (Male) |
| 2:10 | Build | House |
| 2:16 | Create | Villager (Male) |
| 2:49 | Create | Villager (Male) |
| 3:17 | Create | Villager (Male) |
| 4:20 | Create | Villager (Male) |
| 4:20 | Create | Villager (Male) |
| 4:23 | Create | Villager (Male) |
| 4:34 | Build | House |
| 5:53 | Build | Lumber Camp |
| 6:17 | Create | Villager (Male) |
| 6:49 | Build | Mill |
| 7:01 | Create | Villager (Male) |
| 7:28 | Research | Feudal Age |
| 7:51 | Build | House |
| 8:11 | Create | Villager (Male) |
| 8:24 | Create | Villager (Male) |
| 9:00 | Build | Mill |
| 9:38 | Age | Feudal Age |
| 10:10 | Research | Double-Bit Axe |
| 10:13 | Create | Villager (Male) |
| 10:36 | Build | Market |
| 10:59 | Create | Villager (Male) |
| 10:59 | Create | Villager (Male) |
| 11:01 | Create | Villager (Male) |
| 11:47 | Build | Blacksmith |
| 11:56 | Create | Villager (Male) |
| 12:25 | Create | Villager (Male) |
| 12:34 | Build | House |
| 12:38 | Build | House |
| 12:58 | Create | Villager (Male) |
| 13:11 | Build | Farm |
| 13:15 | Build | Farm |
| 13:22 | Build | Farm |
| 13:28 | Build | Farm |
| 13:36 | Build | Farm |
| 13:43 | Build | Farm |
| 13:47 | Create | Villager (Male) |
| 13:47 | Create | Villager (Male) |
| 14:31 | Build | Mining Camp |
| 14:36 | Create | Villager (Male) |
| 14:47 | Create | Villager (Male) |
| 14:53 | Build | Farm |
| 14:56 | Research | Horse Collar |
| 15:30 | Build | Barracks |
| 15:36 | Create | Villager (Male) |
| 15:36 | Create | Villager (Male) |
| 15:52 | Build | Farm |
| 16:02 | Create | Villager (Male) |
| 16:03 | Create | Villager (Male) |
| 16:07 | Build | Farm |
| 16:15 | Create | Villager (Male) |
| 16:46 | Research | Castle Age |
| 16:54 | Build | Mining Camp |
| 17:12 | Build | Stable |
| 17:28 | Research | Stone Mining |
| 17:37 | Create | Villager (Male) |
| 17:37 | Create | Villager (Male) |
| 18:11 | Build | House |
| 18:41 | Build | House |
| 18:47 | Create | Villager (Male) |
| 18:47 | Create | Villager (Male) |
| 18:48 | Research | Town Watch |
| 18:53 | Research | Gold Mining |
| 19:21 | Build | Stable |
| 19:31 | Age | Castle Age |
| 19:42 | Create | Trade Cart |
| 19:57 | Research | Heavy Plow |
| 20:05 | Research | Bow Saw |
| 20:11 | Research | Stone Shaft Mining |
| 20:26 | Build | Farm |
| 20:45 | Build | Mining Camp |
| 20:52 | Create | Villager (Male) |
| 20:52 | Create | Villager (Male) |
| 20:52 | Create | Villager (Male) |
| 20:52 | Create | Villager (Male) |
| 21:52 | Build | Town Center |
| 22:02 | Research | Husbandry |
| 22:05 | Create | Camel Scout |
| 22:06 | Create | Camel Scout |
| 22:14 | Create | Villager (Male) |
| 22:14 | Create | Villager (Male) |
| 23:08 | Research | Forging |
| 24:17 | Build | Castle |
| 24:25 | Create | Villager (Male) |
| 24:26 | Create | Villager (Male) |
| 24:26 | Create | Villager (Male) |
| 24:26 | Create | Villager (Male) |
| 24:26 | Create | Villager (Male) |
| 24:36 | Build | University |
| 24:48 | Create | Camel Scout |
| 24:48 | Create | Camel Scout |
| 24:48 | Create | Camel Scout |
| 24:48 | Create | Camel Scout |
| 25:06 | Build | Farm |
| 25:10 | Build | Farm |
| 25:14 | Create | Villager (Male) |
| 25:14 | Create | Villager (Male) |
| 25:14 | Create | Villager (Male) |
| 25:14 | Create | Villager (Male) |
| 25:44 | Build | Farm |
| 25:55 | Research | Murder Holes |
| 26:38 | Build | Watch Tower |
| 27:02 | Research | Bloodlines |
| 27:15 | Build | Castle |
| 27:29 | Research | Scale Barding Armor |
| 30:01 | Create | Camel Archer |
| 30:01 | Create | Camel Archer |
| 30:01 | Create | Camel Archer |
| 30:18 | Build | Siege Workshop |
| 30:23 | Build | Stable |
| 31:01 | Research | Treadmill Crane |
| 31:03 | Create | Villager (Male) |
| 31:03 | Create | Villager (Male) |
| 31:04 | Create | Villager (Male) |
| 31:04 | Create | Villager (Male) |
| 31:05 | Research | Town Patrol |
| 31:31 | Research | Imperial Age |
| 31:32 | Create | Villager (Male) |
| 31:33 | Create | Villager (Male) |
| 31:33 | Create | Villager (Male) |
| 31:33 | Create | Villager (Male) |
| 31:41 | Create | Battering Ram |
| 31:41 | Create | Battering Ram |
| 31:42 | Create | Battering Ram |
| 32:05 | Build | Castle |
| 32:10 | Create | Villager (Male) |
| 32:11 | Create | Villager (Male) |
| 32:11 | Create | Villager (Male) |
| 32:11 | Create | Villager (Male) |
| 32:17 | Build | Farm |
| 32:31 | Create | Battering Ram |
| 32:31 | Create | Battering Ram |
| 32:36 | Create | Camel Scout |
| 32:36 | Create | Camel Scout |
| 32:36 | Create | Camel Scout |
| 32:59 | Build | Stable |
| 33:34 | Create | Camel Scout |
| 33:34 | Create | Camel Scout |
| 33:34 | Create | Camel Scout |
| 33:34 | Create | Camel Scout |
| 34:11 | Create | Camel Scout |
| 34:11 | Create | Camel Scout |
| 34:11 | Create | Camel Scout |
Build order — Horizon
0 actions detected in the replay
Build order — baiyileng
First 150 of 183 actions detected
| 0:06 | Build | House |
| 0:09 | Build | House |
| 0:11 | Create | Villager (Male) |
| 0:11 | Create | Villager (Male) |
| 0:12 | Create | Villager (Male) |
| 0:12 | Create | Villager (Male) |
| 0:12 | Create | Villager (Male) |
| 1:54 | Create | Villager (Male) |
| 1:54 | Create | Villager (Male) |
| 2:47 | Create | Villager (Male) |
| 2:48 | Create | Villager (Male) |
| 3:13 | Create | Villager (Male) |
| 3:13 | Create | Villager (Male) |
| 3:13 | Create | Villager (Male) |
| 3:13 | Create | Villager (Male) |
| 3:55 | Create | Villager (Male) |
| 3:56 | Create | Villager (Male) |
| 3:56 | Create | Villager (Male) |
| 3:56 | Create | Villager (Male) |
| 4:10 | Build | House |
| 4:23 | Build | Lumber Camp |
| 4:27 | Create | Villager (Male) |
| 4:28 | Create | Villager (Male) |
| 6:02 | Build | Mill |
| 7:03 | Research | Feudal Age |
| 8:08 | Create | Villager (Male) |
| 8:08 | Create | Villager (Male) |
| 8:08 | Create | Villager (Male) |
| 8:10 | Create | Villager (Male) |
| 9:13 | Age | Feudal Age |
| 9:25 | Build | Farm |
| 9:25 | Build | Farm |
| 9:26 | Build | Farm |
| 9:26 | Build | Farm |
| 9:26 | Build | Farm |
| 9:29 | Build | Farm |
| 9:51 | Build | House |
| 10:11 | Build | Farm |
| 10:29 | Build | Farm |
| 10:51 | Create | Villager (Male) |
| 10:52 | Create | Villager (Male) |
| 10:55 | Build | Farm |
| 10:56 | Build | Farm |
| 11:12 | Build | House |
| 11:14 | Build | House |
| 11:43 | Build | Market |
| 11:47 | Create | Villager (Male) |
| 12:04 | Research | Double-Bit Axe |
| 12:05 | Research | Double-Bit Axe |
| 12:34 | Build | Farm |
| 12:37 | Create | Villager (Male) |
| 12:38 | Create | Villager (Male) |
| 12:39 | Create | Villager (Male) |
| 13:16 | Build | Blacksmith |
| 13:32 | Build | Mill |
| 14:05 | Build | House |
| 14:06 | Build | House |
| 14:06 | Build | House |
| 14:06 | Build | House |
| 14:07 | Build | House |
| 14:07 | Build | House |
| 14:08 | Build | House |
| 14:08 | Build | House |
| 14:08 | Build | House |
| 14:17 | Create | Villager (Male) |
| 14:17 | Create | Villager (Male) |
| 14:17 | Create | Villager (Male) |
| 14:40 | Research | Horse Collar |
| 14:51 | Build | Mining Camp |
| 15:21 | Research | Fletching |
| 15:51 | Research | Castle Age |
| 16:17 | Build | Mining Camp |
| 16:27 | Research | Gold Mining |
| 16:39 | Build | House |
| 16:42 | Build | House |
| 16:43 | Build | House |
| 16:43 | Build | House |
| 16:44 | Build | House |
| 16:44 | Build | House |
| 17:13 | Research | Fletching |
| 17:18 | Research | Padded Archer Armor |
| 17:45 | Build | Barracks |
| 18:16 | Research | Stone Mining |
| 18:26 | Create | Villager (Male) |
| 18:26 | Create | Villager (Male) |
| 18:27 | Create | Villager (Male) |
| 18:27 | Create | Villager (Male) |
| 18:28 | Create | Villager (Male) |
| 18:31 | Age | Castle Age |
| 18:44 | Build | Town Center |
| 18:55 | Build | House |
| 18:56 | Build | House |
| 18:57 | Build | House |
| 18:57 | Build | House |
| 18:57 | Build | House |
| 18:57 | Build | House |
| 18:58 | Build | House |
| 18:58 | Build | House |
| 19:00 | Build | House |
| 20:02 | Build | Farm |
| 20:50 | Research | Heavy Plow |
| 21:10 | Build | Lumber Camp |
| 21:19 | Build | Monastery |
| 21:26 | Create | Villager (Male) |
| 21:26 | Create | Villager (Male) |
| 21:27 | Create | Villager (Male) |
| 21:27 | Create | Villager (Male) |
| 21:28 | Create | Villager (Male) |
| 21:28 | Create | Villager (Male) |
| 21:28 | Create | Villager (Male) |
| 21:29 | Create | Villager (Male) |
| 21:30 | Create | Villager (Male) |
| 21:34 | Build | Farm |
| 21:34 | Build | Farm |
| 21:35 | Build | Farm |
| 21:35 | Build | Farm |
| 21:35 | Build | Farm |
| 21:36 | Build | Farm |
| 21:36 | Build | Farm |
| 21:47 | Create | Villager (Male) |
| 21:47 | Create | Villager (Male) |
| 21:47 | Create | Villager (Male) |
| 22:08 | Create | Monk |
| 22:36 | Create | Villager (Male) |
| 22:36 | Create | Villager (Male) |
| 22:54 | Build | Farm |
| 22:54 | Build | Farm |
| 22:55 | Build | Farm |
| 22:55 | Build | Farm |
| 22:55 | Build | Farm |
| 22:55 | Build | Farm |
| 23:08 | Research | Bow Saw |
| 23:08 | Research | Bow Saw |
| 23:28 | Create | Villager (Male) |
| 23:28 | Create | Villager (Male) |
| 23:28 | Create | Villager (Male) |
| 23:29 | Create | Villager (Male) |
| 23:38 | Build | Farm |
| 23:38 | Build | Farm |
| 23:38 | Build | Farm |
| 23:38 | Build | Farm |
| 23:38 | Build | Farm |
| 23:39 | Build | Farm |
| 23:39 | Build | Farm |
| 23:39 | Build | Farm |
| 24:21 | Create | Villager (Male) |
| 24:21 | Create | Villager (Male) |
| 24:22 | Create | Villager (Male) |
| 25:06 | Create | Villager (Male) |
| 25:06 | Create | Villager (Male) |
Build order — Nameless
94 actions detected in the replay
| 0:01 | Create | Villager (Male) |
| 0:01 | Create | Villager (Male) |
| 0:01 | Create | Villager (Male) |
| 0:02 | Create | Villager (Male) |
| 0:03 | Build | House |
| 0:06 | Build | House |
| 0:58 | Create | Villager (Male) |
| 0:59 | Create | Villager (Male) |
| 0:59 | Create | Villager (Male) |
| 1:36 | Create | Villager (Male) |
| 1:37 | Create | Villager (Male) |
| 2:01 | Create | Villager (Male) |
| 2:44 | Build | Lumber Camp |
| 3:00 | Create | Villager (Male) |
| 3:28 | Build | House |
| 3:29 | Create | Villager (Male) |
| 3:29 | Create | Villager (Male) |
| 3:29 | Create | Villager (Male) |
| 3:43 | Build | House |
| 4:12 | Create | Villager (Male) |
| 4:12 | Create | Villager (Male) |
| 4:12 | Create | Villager (Male) |
| 4:13 | Create | Villager (Male) |
| 4:14 | Create | Villager (Male) |
| 4:54 | Create | Villager (Male) |
| 5:24 | Create | Villager (Male) |
| 7:05 | Create | Villager (Male) |
| 7:30 | Build | Mining Camp |
| 7:45 | Create | Villager (Male) |
| 7:54 | Create | Villager (Male) |
| 9:05 | Create | Villager (Male) |
| 9:08 | Research | Feudal Age |
| 9:15 | Build | Mill |
| 9:56 | Create | Villager (Male) |
| 10:01 | Build | Farm |
| 10:02 | Build | Farm |
| 10:10 | Build | Farm |
| 10:10 | Build | Farm |
| 10:18 | Build | Farm |
| 10:20 | Build | Farm |
| 10:49 | Build | Farm |
| 11:40 | Age | Feudal Age |
| 11:46 | Research | Double-Bit Axe |
| 11:55 | Create | Villager (Male) |
| 12:10 | Build | House |
| 12:33 | Research | Loom |
| 12:35 | Research | Wheelbarrow |
| 12:46 | Build | House |
| 12:48 | Build | House |
| 12:49 | Create | Villager (Male) |
| 12:58 | Research | Horse Collar |
| 13:08 | Research | Loom |
| 14:06 | Build | Mining Camp |
| 14:24 | Create | Villager (Male) |
| 14:41 | Research | Stone Mining |
| 14:55 | Build | Farm |
| 15:04 | Create | Villager (Male) |
| 15:10 | Create | Villager (Male) |
| 15:36 | Research | Gold Mining |
| 16:00 | Create | Villager (Male) |
| 16:00 | Create | Villager (Male) |
| 16:20 | Create | Villager (Male) |
| 16:29 | Build | Farm |
| 16:30 | Create | Villager (Male) |
| 16:39 | Build | Blacksmith |
| 17:07 | Build | Lumber Camp |
| 17:28 | Build | Farm |
| 17:41 | Create | Villager (Male) |
| 17:53 | Create | Villager (Male) |
| 18:11 | Create | Villager (Male) |
| 18:21 | Build | Market |
| 18:33 | Build | House |
| 18:35 | Build | House |
| 18:41 | Create | Villager (Male) |
| 19:21 | Research | Castle Age |
| 19:29 | Build | Barracks |
| 19:32 | Research | Scale Barding Armor |
| 19:48 | Build | Farm |
| 19:55 | Research | Forging |
| 20:33 | Build | Stable |
| 20:42 | Build | Archery Range |
| 21:04 | Build | Farm |
| 21:05 | Build | Farm |
| 21:59 | Create | Villager (Male) |
| 22:01 | Age | Castle Age |
| 22:02 | Research | Hand Cart |
| 22:07 | Build | Town Center |
| 22:14 | Research | Heavy Plow |
| 22:22 | Research | Husbandry |
| 22:24 | Research | Chain Barding Armor |
| 22:42 | Build | Monastery |
| 22:48 | Build | House |
| 23:02 | Research | Bloodlines |
| 23:07 | Create | Knight |
Build order — 小迟爱吃
First 150 of 219 actions detected
| 0:05 | Build | House |
| 0:06 | Build | House |
| 0:07 | Create | Villager (Male) ×4 |
| 0:08 | Create | Villager (Male) ×4 |
| 2:32 | Create | Villager (Male) |
| 2:33 | Create | Villager (Male) |
| 2:33 | Create | Villager (Male) |
| 2:33 | Create | Villager (Male) |
| 3:01 | Create | Villager (Male) |
| 3:02 | Create | Villager (Male) |
| 3:16 | Create | Villager (Male) |
| 3:16 | Create | Villager (Male) |
| 3:16 | Create | Villager (Male) |
| 4:12 | Create | Villager (Male) |
| 4:12 | Create | Villager (Male) |
| 4:48 | Create | Villager (Male) |
| 4:59 | Build | House |
| 5:00 | Build | House |
| 5:01 | Build | House |
| 5:11 | Create | Villager (Male) |
| 5:11 | Create | Villager (Male) |
| 6:08 | Create | Villager (Male) |
| 6:08 | Create | Villager (Male) |
| 6:22 | Build | Lumber Camp |
| 6:40 | Create | Villager (Male) |
| 6:40 | Create | Villager (Male) |
| 7:35 | Create | Villager (Male) |
| 7:35 | Create | Villager (Male) |
| 7:35 | Create | Villager (Male) |
| 8:53 | Create | Villager (Male) |
| 8:53 | Create | Villager (Male) |
| 9:08 | Build | Mining Camp |
| 9:27 | Create | Villager (Male) |
| 9:56 | Research | Feudal Age |
| 10:01 | Build | Mill |
| 10:07 | Build | Mill |
| 12:06 | Create | Villager (Male) |
| 12:06 | Age | Feudal Age |
| 12:06 | Create | Villager (Male) |
| 12:06 | Create | Villager (Male) |
| 12:06 | Create | Villager (Male) |
| 12:07 | Create | Villager (Male) |
| 12:07 | Create | Villager (Male) |
| 12:21 | Build | House |
| 12:22 | Build | House |
| 12:23 | Build | House |
| 12:38 | Build | Farm |
| 13:04 | Build | Farm |
| 13:24 | Build | Farm |
| 13:32 | Build | Market |
| 13:34 | Build | Blacksmith |
| 13:49 | Build | Farm |
| 13:57 | Build | Farm |
| 13:58 | Build | Farm |
| 14:00 | Build | Farm |
| 14:01 | Build | Farm |
| 14:06 | Build | Farm |
| 14:09 | Build | Farm |
| 14:11 | Build | Farm |
| 14:12 | Build | Farm |
| 14:44 | Create | Villager (Male) |
| 14:45 | Create | Villager (Male) |
| 15:07 | Build | Farm |
| 15:07 | Build | Farm |
| 15:17 | Build | Farm |
| 15:40 | Build | Farm |
| 15:44 | Research | Castle Age |
| 18:24 | Age | Castle Age |
| 18:30 | Build | Town Center |
| 18:33 | Create | Villager (Male) |
| 18:33 | Create | Villager (Male) |
| 18:34 | Create | Villager (Male) |
| 18:34 | Create | Villager (Male) |
| 18:34 | Create | Villager (Male) |
| 18:34 | Create | Villager (Male) |
| 18:59 | Build | Town Center |
| 19:09 | Create | Villager (Male) |
| 19:17 | Create | Villager (Male) |
| 19:17 | Create | Villager (Male) |
| 19:17 | Create | Villager (Male) |
| 19:17 | Create | Villager (Male) |
| 19:18 | Create | Villager (Male) |
| 19:18 | Create | Villager (Male) |
| 19:52 | Research | Double-Bit Axe |
| 19:58 | Research | Wheelbarrow |
| 20:36 | Build | Monastery |
| 20:56 | Create | Villager (Male) |
| 20:56 | Create | Villager (Male) |
| 20:56 | Create | Villager (Male) |
| 20:56 | Create | Villager (Male) |
| 21:05 | Research | Bow Saw |
| 21:19 | Create | Monk |
| 21:45 | Build | Stone Wall |
| 22:06 | Build | Mining Camp |
| 22:19 | Research | Hand Cart |
| 22:22 | Create | Villager (Male) |
| 22:22 | Create | Villager (Male) |
| 22:22 | Create | Villager (Male) |
| 22:24 | Create | Villager (Male) |
| 22:48 | Research | Padded Archer Armor |
| 22:57 | Create | Villager (Male) |
| 22:58 | Create | Villager (Male) |
| 22:58 | Create | Villager (Male) |
| 22:58 | Create | Villager (Male) |
| 22:59 | Create | Villager (Male) |
| 23:04 | Research | Stone Mining |
| 23:09 | Create | Villager (Male) |
| 23:17 | Create | Villager (Male) |
| 23:17 | Create | Villager (Male) |
| 23:20 | Create | Villager (Male) |
| 23:21 | Create | Villager (Male) |
| 23:29 | Build | Stone Wall |
| 23:44 | Build | House |
| 23:44 | Build | House |
| 23:45 | Build | House |
| 23:45 | Build | House |
| 23:45 | Build | House |
| 23:46 | Build | House |
| 23:46 | Build | House |
| 23:47 | Build | House |
| 23:47 | Build | House |
| 23:48 | Build | House |
| 23:48 | Build | House |
| 23:48 | Build | House |
| 23:49 | Build | House |
| 23:49 | Build | House |
| 23:59 | Research | Town Watch |
| 24:02 | Research | Loom |
| 24:06 | Build | Farm |
| 24:15 | Research | Gold Mining |
| 24:18 | Research | Horse Collar |
| 24:19 | Build | Farm |
| 24:28 | Build | Farm |
| 24:36 | Build | Farm |
| 25:23 | Build | Farm |
| 25:28 | Build | Farm |
| 25:30 | Create | Villager (Male) |
| 25:30 | Create | Villager (Male) |
| 25:38 | Create | Villager (Male) |
| 25:38 | Create | Villager (Male) |
| 25:39 | Create | Villager (Male) |
| 25:42 | Create | Villager (Male) |
| 25:42 | Create | Villager (Male) |
| 25:51 | Build | Lumber Camp |
| 26:05 | Build | University |
| 26:10 | Create | Villager (Male) |
| 26:24 | Research | Gold Shaft Mining |
| 26:30 | Build | Farm |
| 26:35 | Research | Heavy Plow |
| 26:45 | Create | Villager (Male) |
Build order — nidriotis
First 150 of 179 actions detected
| 0:01 | Create | Villager (Male) |
| 0:02 | Create | Villager (Male) |
| 0:04 | Build | House |
| 0:07 | Build | House |
| 0:40 | Create | Villager (Male) |
| 0:41 | Create | Villager (Male) |
| 0:41 | Create | Villager (Male) |
| 1:37 | Create | Villager (Male) |
| 1:37 | Create | Villager (Male) |
| 2:08 | Create | Villager (Male) |
| 2:08 | Create | Villager (Male) |
| 2:09 | Create | Villager (Male) |
| 2:36 | Create | Villager (Male) |
| 2:36 | Create | Villager (Male) |
| 2:37 | Create | Villager (Male) |
| 3:04 | Build | Lumber Camp |
| 3:19 | Create | Villager (Male) |
| 3:19 | Create | Villager (Male) |
| 3:19 | Create | Villager (Male) |
| 3:20 | Create | Villager (Male) |
| 4:03 | Build | House |
| 4:22 | Create | Villager (Male) |
| 4:22 | Create | Villager (Male) |
| 4:23 | Create | Villager (Male) |
| 4:52 | Create | Villager (Male) |
| 4:52 | Create | Villager (Male) |
| 4:52 | Create | Villager (Male) |
| 5:05 | Build | Mill |
| 5:40 | Create | Villager (Male) |
| 5:41 | Create | Villager (Male) |
| 5:41 | Create | Villager (Male) |
| 6:21 | Build | House |
| 6:24 | Build | House |
| 6:51 | Create | Villager (Male) |
| 7:24 | Create | Villager (Male) |
| 7:24 | Create | Villager (Male) |
| 7:24 | Create | Villager (Male) |
| 7:25 | Create | Villager (Male) |
| 7:36 | Build | Barracks |
| 7:47 | Create | Villager (Male) |
| 8:00 | Build | Mining Camp |
| 8:07 | Create | Villager (Male) |
| 8:08 | Create | Villager (Male) |
| 8:08 | Create | Villager (Male) |
| 8:54 | Build | House |
| 9:12 | Create | Villager (Male) |
| 9:59 | Create | Villager (Male) |
| 9:59 | Create | Villager (Male) |
| 10:28 | Research | Feudal Age |
| 12:38 | Create | Villager (Male) |
| 12:38 | Age | Feudal Age |
| 12:46 | Build | Blacksmith |
| 12:54 | Build | Market |
| 13:06 | Research | Double-Bit Axe |
| 13:12 | Research | Horse Collar |
| 13:22 | Create | Villager (Male) |
| 13:47 | Build | Mining Camp |
| 14:36 | Build | Farm |
| 14:37 | Build | Farm |
| 15:25 | Research | Castle Age |
| 15:35 | Research | Gold Mining |
| 16:05 | Research | Stone Mining |
| 16:28 | Build | Farm |
| 16:29 | Build | Farm |
| 16:32 | Build | Farm |
| 16:34 | Build | Farm |
| 16:37 | Build | Farm |
| 16:53 | Build | Archery Range |
| 17:26 | Build | Archery Range |
| 17:39 | Create | Villager (Male) |
| 18:05 | Age | Castle Age |
| 18:15 | Build | Town Center |
| 18:23 | Research | Bow Saw |
| 18:34 | Create | Villager (Male) |
| 18:35 | Create | Villager (Male) |
| 19:14 | Create | Villager (Male) ×3 |
| 19:21 | Build | University |
| 19:27 | Build | House |
| 19:29 | Build | House |
| 19:30 | Build | House |
| 19:46 | Create | Villager (Male) ×3 |
| 19:46 | Create | Villager (Male) ×3 |
| 19:46 | Create | Villager (Male) ×3 |
| 19:46 | Create | Villager (Male) ×3 |
| 20:46 | Create | Villager (Male) ×5 |
| 20:51 | Build | Town Center |
| 20:59 | Create | Villager (Male) |
| 21:17 | Research | Treadmill Crane |
| 21:25 | Create | Villager (Male) ×3 |
| 21:26 | Create | Villager (Male) ×3 |
| 21:26 | Create | Villager (Male) ×3 |
| 21:26 | Create | Villager (Male) ×3 |
| 21:46 | Create | Archer ×5 |
| 21:47 | Create | Archer ×5 |
| 21:47 | Create | Archer ×5 |
| 21:55 | Build | House |
| 21:56 | Build | House |
| 21:58 | Build | House |
| 22:24 | Create | Archer ×5 |
| 22:36 | Create | Villager (Male) |
| 22:36 | Create | Villager (Male) |
| 22:42 | Build | Farm |
| 22:44 | Build | Farm |
| 22:45 | Build | Farm |
| 22:47 | Build | Farm |
| 22:51 | Create | Villager (Male) ×2 |
| 22:52 | Create | Villager (Male) ×2 |
| 22:52 | Create | Villager (Male) ×2 |
| 22:52 | Create | Villager (Male) ×2 |
| 23:07 | Create | Archer ×4 |
| 23:08 | Create | Archer ×4 |
| 23:08 | Create | Archer ×4 |
| 23:50 | Research | Fletching |
| 23:54 | Create | Villager (Male) |
| 23:55 | Create | Villager (Male) |
| 23:55 | Create | Villager (Male) |
| 24:01 | Build | Farm |
| 24:02 | Build | Farm |
| 24:08 | Build | Farm |
| 24:09 | Build | Farm |
| 24:11 | Build | Farm |
| 24:13 | Build | Farm |
| 24:20 | Research | Horse Collar |
| 24:41 | Build | Castle |
| 24:47 | Create | Archer ×5 |
| 24:51 | Create | Spearman ×5 |
| 25:29 | Research | Crossbowman (upgrade) |
| 25:40 | Build | House |
| 25:41 | Build | House |
| 25:43 | Build | House |
| 25:44 | Build | House |
| 25:57 | Build | Siege Workshop |
| 26:03 | Create | Cataphract |
| 26:03 | Create | Cataphract |
| 26:16 | Research | Stone Shaft Mining |
| 26:26 | Build | Mining Camp |
| 26:45 | Build | Farm |
| 26:51 | Create | Villager (Male) ×5 |
| 26:51 | Create | Villager (Male) ×5 |
| 26:51 | Create | Villager (Male) ×5 |
| 27:03 | Create | Battering Ram |
| 27:58 | Build | Castle |
| 28:07 | Create | Battering Ram |
| 28:07 | Create | Battering Ram |
| 28:08 | Create | Battering Ram |
| 28:53 | Create | Villager (Male) ×5 |
| 28:54 | Create | Villager (Male) ×5 |
| 28:54 | Create | Villager (Male) ×5 |
| 30:54 | Research | Imperial Age |
| 31:24 | Research | Elite Skirmisher (upgrade) |
Build order — 1192339610
First 150 of 198 actions detected
| 0:10 | Research | Loom |
| 0:11 | Create | Villager (Male) |
| 0:39 | Build | House |
| 0:40 | Build | House |
| 0:42 | Build | House |
| 1:14 | Create | Villager (Male) |
| 1:14 | Create | Villager (Male) |
| 1:15 | Create | Villager (Male) |
| 1:15 | Create | Villager (Male) |
| 2:16 | Build | Lumber Camp |
| 2:26 | Create | Villager (Male) |
| 2:26 | Create | Villager (Male) |
| 2:27 | Create | Villager (Male) |
| 3:08 | Create | Villager (Male) |
| 3:08 | Create | Villager (Male) |
| 3:32 | Create | Villager (Male) |
| 3:33 | Create | Villager (Male) |
| 4:42 | Create | Villager (Male) |
| 4:42 | Create | Villager (Male) |
| 4:43 | Create | Villager (Male) |
| 4:43 | Create | Villager (Male) |
| 6:15 | Create | Villager (Male) |
| 6:15 | Create | Villager (Male) |
| 6:15 | Create | Villager (Male) |
| 6:56 | Build | Mill |
| 7:53 | Research | Feudal Age |
| 8:12 | Build | Mining Camp |
| 9:53 | Build | Mill |
| 10:03 | Age | Feudal Age |
| 10:09 | Research | Double-Bit Axe |
| 10:44 | Research | Wheelbarrow |
| 10:53 | Create | Villager (Male) |
| 10:53 | Create | Villager (Male) |
| 10:54 | Create | Villager (Male) |
| 11:48 | Build | House |
| 11:49 | Build | House |
| 11:50 | Build | House |
| 11:51 | Build | House |
| 12:36 | Build | Mining Camp |
| 13:02 | Research | Town Watch |
| 13:32 | Build | Farm |
| 14:10 | Create | Villager (Male) |
| 14:11 | Create | Villager (Male) |
| 14:50 | Build | Market |
| 15:04 | Create | Villager (Male) |
| 15:04 | Create | Villager (Male) |
| 15:23 | Build | Barracks |
| 16:29 | Build | Stable |
| 16:59 | Build | Farm |
| 17:00 | Build | Farm |
| 17:23 | Research | Castle Age |
| 17:33 | Build | Farm |
| 17:35 | Build | Farm |
| 17:38 | Build | Farm |
| 17:49 | Build | Farm |
| 17:50 | Build | Farm |
| 18:02 | Build | Farm |
| 18:05 | Build | Farm |
| 18:09 | Create | Villager (Male) |
| 18:09 | Create | Villager (Male) |
| 18:43 | Build | Farm |
| 18:49 | Research | Horse Collar |
| 19:00 | Build | Farm |
| 20:02 | Build | Archery Range |
| 20:03 | Age | Castle Age |
| 20:22 | Build | Monastery |
| 20:26 | Create | Villager (Male) |
| 20:27 | Create | Villager (Male) |
| 20:27 | Create | Villager (Male) |
| 20:39 | Research | Bow Saw |
| 20:48 | Research | Bloodlines |
| 21:31 | Research | Heavy Plow |
| 21:50 | Create | Monk |
| 22:08 | Research | Stone Mining |
| 22:16 | Create | Villager (Male) |
| 22:16 | Create | Villager (Male) |
| 22:17 | Create | Villager (Male) |
| 22:17 | Create | Villager (Male) |
| 23:11 | Build | Town Center |
| 23:37 | Research | Hand Cart |
| 24:21 | Research | Husbandry |
| 24:28 | Create | Villager (Male) |
| 24:28 | Create | Villager (Male) |
| 24:29 | Create | Villager (Male) |
| 24:47 | Research | Gold Mining |
| 25:38 | Build | Farm |
| 25:39 | Build | Farm |
| 25:41 | Build | Farm |
| 25:43 | Build | Farm |
| 26:27 | Create | Villager (Male) |
| 26:27 | Create | Villager (Male) |
| 26:27 | Create | Villager (Male) |
| 26:28 | Create | Villager (Male) |
| 26:28 | Create | Villager (Male) |
| 26:28 | Create | Villager (Male) |
| 26:34 | Create | Villager (Male) |
| 26:34 | Create | Villager (Male) |
| 26:35 | Create | Villager (Male) |
| 26:35 | Create | Villager (Male) |
| 26:35 | Create | Villager (Male) |
| 26:35 | Create | Villager (Male) |
| 26:49 | Build | Farm |
| 26:50 | Build | Farm |
| 27:07 | Build | Mill |
| 27:09 | Build | Mill |
| 27:12 | Build | Mill |
| 27:23 | Build | Farm |
| 27:59 | Build | House |
| 28:00 | Build | House |
| 28:01 | Build | House |
| 28:03 | Build | House |
| 28:04 | Build | House |
| 28:43 | Build | Castle |
| 29:51 | Build | Farm |
| 29:52 | Build | Farm |
| 29:54 | Build | Farm |
| 29:55 | Build | Farm |
| 30:00 | Create | Villager (Male) |
| 30:00 | Create | Villager (Male) |
| 30:00 | Create | Villager (Male) |
| 30:01 | Create | Villager (Male) |
| 30:08 | Build | Farm |
| 30:09 | Build | Farm |
| 30:11 | Build | Farm |
| 30:12 | Build | Farm |
| 30:48 | Create | Villager (Male) |
| 30:48 | Create | Villager (Male) |
| 30:51 | Create | Villager (Male) |
| 30:51 | Create | Villager (Male) |
| 30:52 | Create | Villager (Male) |
| 30:52 | Create | Villager (Male) |
| 30:55 | Create | Villager (Male) |
| 31:03 | Build | House |
| 31:04 | Build | House |
| 31:05 | Build | House |
| 31:26 | Research | Corvinian Army |
| 31:41 | Build | Castle |
| 31:48 | Create | Magyar Huszar |
| 31:49 | Create | Magyar Huszar |
| 31:49 | Create | Magyar Huszar |
| 31:49 | Create | Magyar Huszar |
| 31:49 | Create | Magyar Huszar |
| 31:50 | Create | Magyar Huszar |
| 31:50 | Create | Magyar Huszar |
| 31:51 | Create | Magyar Huszar |
| 31:51 | Create | Magyar Huszar |
| 31:51 | Create | Magyar Huszar |
| 31:51 | Create | Magyar Huszar |
| 31:52 | Create | Magyar Huszar |
| 32:06 | Build | Farm |
Match timeline
| 0:07 | Horizon · resign |
| 7:36 | nidriotis · first_building Barracks |
| 9:13 | baiyileng · age_up feudal |
| 9:38 | Good Knight · age_up feudal |
| 10:03 | 1192339610 · age_up feudal |
| 11:35 | UWE · age_up feudal |
| 11:40 | Nameless · age_up feudal |
| 12:06 | 小迟爱吃 · age_up feudal |
| 12:38 | nidriotis · age_up feudal |
| 15:23 | 1192339610 · first_building Barracks |
| 15:30 | Good Knight · first_building Barracks |
| 15:32 | nidriotis · first_market_buy 100 food |
| 15:47 | baiyileng · first_market_sell 100 wood |
| 16:29 | 1192339610 · first_building Stable |
| 16:41 | 1192339610 · first_market_buy 100 food |
| 16:53 | nidriotis · first_building Archery Range |
| 17:12 | Good Knight · first_building Stable |
| 17:45 | baiyileng · first_building Barracks |
| 18:05 | nidriotis · age_up castle |
| 18:11 | UWE · age_up castle |
| 18:24 | 小迟爱吃 · age_up castle |
| 18:31 | baiyileng · age_up castle |
| 18:32 | UWE · first_building Barracks |
| 19:29 | Nameless · first_building Barracks |
| 19:31 | Good Knight · age_up castle |
| 20:02 | 1192339610 · first_building Archery Range |
| 20:03 | 1192339610 · age_up castle |
| 20:08 | 小迟爱吃 · first_market_sell 100 food |
| 20:22 | 1192339610 · first_building Monastery |
| 20:33 | Nameless · first_building Stable |
| 20:36 | 小迟爱吃 · first_building Monastery |
| 20:39 | UWE · first_market_buy 100 stone |
| 20:42 | Nameless · first_building Archery Range |
| 21:01 | UWE · first_building Castle |
| 21:19 | baiyileng · first_building Monastery |
| 21:45 | 小迟爱吃 · wall_segment Stone Wall x20 |
| 22:01 | Nameless · age_up castle |
| 22:42 | Nameless · first_building Monastery |
| 22:46 | baiyileng · first_market_buy 100 food |
| 23:29 | 小迟爱吃 · wall_segment Stone Wall x17 |
| 24:17 | Good Knight · first_building Castle |
| 24:41 | nidriotis · first_building Castle |
| 25:52 | Good Knight · first_market_sell 100 wood |
| 25:52 | UWE · first_building Stable |
| 25:53 | Good Knight · first_market_buy 100 food |
| 25:57 | nidriotis · first_building Siege Workshop |
| 26:41 | baiyileng · first_building Castle |
| 27:17 | 小迟爱吃 · wall_segment Stone Wall x11 |
| 27:43 | 小迟爱吃 · first_building Siege Workshop |
| 28:35 | UWE · first_market_sell 100 wood |
| 28:43 | 1192339610 · first_building Castle |
| 29:57 | baiyileng · first_building Siege Workshop |
| 30:18 | Good Knight · first_building Siege Workshop |
| 31:10 | 小迟爱吃 · first_building Castle |
| 32:03 | 小迟爱吃 · first_building Barracks |
| 32:04 | 小迟爱吃 · age_up imperial |
| 32:53 | 小迟爱吃 · first_building Stable |
| 33:38 | nidriotis · first_building Stable |
| 34:04 | nidriotis · age_up imperial |
| 34:41 | Good Knight · age_up imperial |
[ AI ANALYSIS · 1 CREDIT ]
What really happened in this match?
Wolo.gg analyzes every decision: build order, eco, micro, common mistakes by bracket. Personalized analysis on WhatsApp or Discord in 30 seconds.
Civ guide
Burgundians
Perfil
Jugador #8853366